 Dungeon Crawl Stone Soup version 0.28-a0-664-gc179e30c89 (webtiles) character file.

Game seed: 1574504202797393710

619 ytrimaz the Chopper (level 7, 0/78 (82) HPs)
             Began as a Demonspawn Berserker on Oct 15, 2021.
             Was a Believer of Trog.
             Slain by a wight (6 damage)
             ... on level 4 of the Dungeon.
             The game lasted 00:05:13 (4322 turns).

ytrimaz the Chopper (Demonspawn Berserker)          Turns: 4322, Time: 00:05:14

HP:   0/78 (82)     AC:  3    Str: 19    XL:     7   Next: 21%
MP:   7/7           EV: 27    Int:  9    God:    Trog [**....]
Gold: 144           SH:  4    Dex: 12    Spells: 6/6 levels left

rFire   . . .      SeeInvis .   l - +5 hand axe
rCold   . . .      Faith    .   (no shield)
rNeg    . . .      Spirit   .   b - +0 animal skin
rPois   .          Reflect  .   (no helmet)
rElec   .          Harm     .   j - +0 cloak
rCorr   .          Rampage  .   (no gloves)
Will    .....                   (no boots)
Stlth   ..........              d - amulet of the acrobat
HPRegen 0.23/turn               (no ring)
MPRegen 0.10/turn               (no ring)

@: berserking (expiring), lethally poisoned (0 -> -3), acrobatic, drained, very
quick
A: hooves 1, demonic guardian 1, condensation shield, weakness stinger 1,
demonic touch 1
a: Renounce Religion, Berserk, Trog's Hand


You were on level 4 of the Dungeon.
You worshipped Trog.
Trog was pleased with you.
You visited 1 branch of the dungeon, and saw 4 of its levels.

You collected 144 gold pieces.

Inventory:

Hand Weapons
 l - a +5 hand axe (weapon)
Armour
 b - a +0 animal skin (worn)
 e - a +1 pair of boots
 j - a +0 cloak (worn)
Jewellery
 d - an amulet of the acrobat (around neck)
Scrolls
 c - 2 scrolls of teleportation
Potions
 h - a potion of degeneration
 k - a potion of haste


   Skills:
 * Level 4.9 Fighting
 * Level 6.7 Axes
 + Level 1.8 Armour
 - Level 1.7 Dodging
 + Level 0.2 Shields


You had 6 spell levels left.
You didn't know any spells.
Your spell library was empty.

Dungeon Overview and Level Annotations

Branches:
Dungeon (4/15)
 Temple: D:4-7

Altars:
Gozag
Xom
Yredelemnul


Innate Abilities, Weirdness & Mutations

You have large cloven feet.
A weak demonic guardian rushes to your aid.
A meltable shield of frost defends you. (SH +4)
You have a small tail.
Your touch may inflict minor irresistible damage on your foes.


Message History

A red film seems to cover your vision as you go berserk!
You feel yourself moving faster!
You feel mighty!
You feel very sick. The wight barely misses you.
The scorpion stings you but does no damage.
You slash the scorpion! You tail-slap the scorpion!
The scorpion is almost dead.
You barely miss the wight.
You feel sick. The wight hits you with a +0 scimitar. The scorpion misses you.
You slash the scorpion!
You kill the scorpion!
Trog accepts your kill.
You barely miss the wight.
You feel sick.
Your ufetubus hits the wight but does no damage. x2
The wight hits you from afar with a +3 halberd of freezing!
The wight freezes you.
* * * LOW HITPOINT WARNING * * *
The wight hits your ufetubus with a +0 scimitar!
Your ufetubus dies!
Your ufetubus disappears in a puff of smoke!
Your life force feels restored.
You have reached level 7!
Your demonic ancestry asserts itself...
Your hands begin to faintly glow with unholy energy.
You slash the wight!
You destroy the wight!
Trog accepts your kill.
You feel sick. You block the wight's attack.
Unknown command.
You hit the wight. You kick the wight! Your touch misses the wight.
The wight is almost destroyed.
You feel sick.
You closely miss the wight. You kick the wight.
You destroy the wight!
Trog accepts your kill.
You feel sick. The wight barely misses you.
The wight hits you with a +3 halberd of freezing!
* * * LOW HITPOINT WARNING * * *
You feel drained.
You die...

#...............#.#
#.......###...÷.#.#######
####.......#.............
####................#
#................#
#................#
#...........######
#..........§....#
#........z@.....#
........†#†...#
.........#....#
........#..).#
........#..).##..
........#.........#
........####......#
######### #.....##
#.....#


You could see a wight.

Vanquished Creatures
  An ice beast (D:4)
  An ogre (D:4)
  A scorpion (D:4)
  4 wights (D:4)
  An orc priest (D:4)
  A hound (D:4)
  Jessica (D:3)
  An adder (D:2)
  An adder skeleton (D:2)
  3 worms (D:2)
  3 dart slugs (D:1)
  3 orcs (D:4)
  9 endoplasms
  5 giant cockroaches
  2 goblins
  3 hobgoblins
  4 jackals
  4 quokkas
  3 ball pythons
  6 bats
  2 frilled lizards
  8 kobolds
  10 rats
77 creatures vanquished.

Vanquished Creatures (collateral kills)
  An iguana (D:4)
  An adder (D:4)
2 creatures vanquished.

Grand Total: 79 creatures vanquished

Notes
Turn   | Place    | Note
-------+----------+-------------------------------------------
     0 | D:1      | ytrimaz the Demonspawn Berserker began the quest for the
                  | Orb.
     0 | D:1      | Reached XP level 1. HP: 18/18 MP: 1/1
   133 | D:1      | Reached skill level 3 in Axes
   133 | D:1      | Gained mutation: A weak demonic guardian rushes to your
                  | aid. [demonic ancestry]
   133 | D:1      | Reached XP level 2. HP: 12/24 MP: 2/2
   467 | D:1      | Found a faded altar of an unknown god.
  1528 | D:2      | Discovered your monstrous ancestry.
  1528 | D:2      | Gained mutation: You have a small tail. [demonic ancestry]
  1528 | D:2      | Reached XP level 3. HP: 29/29 MP: 3/3
  1640 | D:2      | Found a shimmering altar of Xom.
  2774 | D:2      | Reached skill level 4 in Axes
  3096 | D:3      | Reached XP level 4. HP: 34/36 MP: 4/4
  3195 | D:3      | Reached ** piety under Trog
  3221 | D:3      | Found an opulent altar of Gozag.
  3278 | D:3      | Noticed Jessica
  3504 | D:3      | Killed Jessica
  3593 | D:3      | Found a basalt altar of Yredelemnul.
  3785 | D:4      | Noticed an ice beast
  3785 | D:4      | Noticed an ogre
  3789 | D:4      | Killed an ogre
  3790 | D:4      | Reached skill level 5 in Axes
  3790 | D:4      | Gained mutation: You have large cloven feet. [demonic
                  | ancestry]
  3790 | D:4      | Reached XP level 5. HP: 42/42 MP: 5/5
  3796 | D:4      | Killed an ice beast
  3797 | D:4      | Gained mutation: A meltable shield of frost defends you.
                  | (SH +4) [demonic ancestry]
  3797 | D:4      | Reached XP level 6. HP: 35/48 MP: 6/6
  4217 | D:4      | Reached skill level 6 in Axes
  4319 | D:4      | Gained mutation: Your touch may inflict minor irresistible
                  | damage on your foes. [demonic ancestry]
  4319 | D:4      | Reached XP level 7. HP: 23/55 MP: 7/7
  4322 | D:4      | Slain by a wight

Illustrated notes

Levels and vault maps discovered:
D:1:      dpeg_arrival_arbitrary_a, layout_basic,
          ebering_ecumenical_altar_sacrificial, bh_walls_and_bars
D:2:      layout_basic, basic_altar
D:3:      layout_rooms, old_standard_altar, mainiacjoe_overflow_catwalk,
          uniq_jessica
D:4:      layout_basic, grunt_ministairs_12

Skill      XL: |  1  2  3  4  5  6 |
---------------+-------------------+-----
Axes           | 3 4 5 6 |  6.7
Fighting       | 4 |  4.9
Armour         | |  1.8
Dodging        | |  1.7
Shields        | |  0.2

Action                   |  1- 3 |  4- 6 |  7- 9 || total
-------------------------+-------+-------+-------++-------
Melee: Hand axe          |   106 |    91 |     3 ||   200
       Tailslap          |     8 |    16 |       ||    24
       Kick              |       |     7 |     2 ||     9
Invok: Berserk           |     5 |     6 |       ||    11
       Trog's Hand       |       |     2 |       ||     2
  Use: Scroll            |     3 |     4 |       ||     7
       Potion            |     1 |     2 |       ||     3
Armor: Animal skin       |    26 |    29 |       ||    55
Dodge: Dodged            |    86 |    95 |     1 ||   182
Block: Other             |       |    11 |     1 ||    12

Table legend: (Time is in decaauts)
 A = Elapsed time spent in this place.
 B = Non-inter-level travel time spent in this place.
 C = Inter-level travel time spent in this place.
 D = Time resting spent in this place.
 E = Time spent auto-exploring this place.
 F = Levels seen in this place.
 G = Mean time per level.
                   A        B        C        D        E       F      G
               +--------+--------+--------+--------+--------+-----+--------+
         Total |   4439 |   4300 |    139 |    773 |   2736 |   4 | 1109.8 |
       Dungeon |   4439 |   4300 |    139 |    773 |   2736 |   4 | 1109.8 |
               +--------+--------+--------+--------+--------+-----+--------+

Top non-repeatable levels by time:
     D:2: 1820 daAuts
     D:1: 1332 daAuts
     D:3: 722 daAuts
     D:4: 563 daAuts
